| TOP OF THE 1ST |
|
Bakersfield Bears batting - Pitching for Fresno Grizzlies : RHP Kevin Teate
|
|
Pitching: RHP Kevin Teate
|
|
|
Batting: LHB Kevin Waller
|
0-0: Foul Ball, location: 2F 0-1: Ball 1-1: Ground out 5-3 (Groundball, 56S, EV 70.6 MPH)
|
|
Batting: LHB Jim Eppard
|
0-0: Ball 1-0: Ground out 1-3 (Groundball, 13S, EV 70.6 MPH)
|
|
Batting: LHB Benny Distefano
|
0-0: Ball 1-0: Swinging Strike 1-1: Ball 2-1: Foul Ball, location: 2F 2-2: Strikes out swinging
|
| Top of the 1st over - 0 runs, 0 hits, 0 errors, 0 left on base; Bakersfield 0 - Fresno 0 |
| BOTTOM OF THE 1ST |
|
Fresno Grizzlies batting - Pitching for Bakersfield Bears : RHP Richard Egan
|
|
Pitching: RHP Richard Egan
|
|
|
Batting: RHB Mike Jirschele
|
0-0: Swinging Strike 0-1: Foul Ball, location: 2F 0-2: Strikes out looking
|
|
Batting: LHB Roger Hill
|
0-0: Reached on error, E3 (Groundball, 34S, EV 93.1 MPH)
|
|
Batting: RHB Chris Fernandez
|
0-0: Called Strike 0-1: Hit by Pitch
|
|
Batting: LHB Ron Oddo
|
0-0: Ball 1-0: Called Strike 1-1: Called Strike 1-2: Fielders Choice at 2nd, 4-6 (Groundball, 4, EV 81.3 MPH) Roger Hill to third
|
|
Batting: RHB Tom Johnson
|
0-0: Called Strike 0-1: Ball 1-1: Called Strike 1-2: Ball 2-2: Foul Ball, location: 2F 2-2: Ball 3-2: Fly out, F7 (Flyball, 7LD, EV 91.9 MPH)
|
| Bottom of the 1st over - 0 runs, 0 hits, 1 error, 2 left on base; Bakersfield 0 - Fresno 0 |
| TOP OF THE 2ND |
|
Bakersfield Bears batting - Pitching for Fresno Grizzlies : RHP Kevin Teate
|
|
Batting: RHB Steve Buechele
|
0-0: Ball 1-0: Ground out 6-3 (Groundball, 6, EV 87.5 MPH)
|
|
Batting: RHB James Oros
|
0-0: Ball 1-0: Ball 2-0: Called Strike 2-1: Foul Ball, location: 2F 2-2: Ball 3-2: Foul Ball, location: 2F 3-2: Fly out, F9 (Flyball, 9S, EV 87.5 MPH)
|
|
Batting: RHB Antonio Alicea
|
0-0: SINGLE (Line Drive, 9S, EV 110.0 MPH)
|
|
Batting: RHB Trey Brooks
|
0-0: Called Strike 0-1: Called Strike 0-2: Foul Ball, location: 2F 0-2: Ball 1-2: Ball 2-2: Fly out, F7 (Flyball, 78M, EV 86.3 MPH)
|
| Top of the 2nd over - 0 runs, 1 hit, 0 errors, 1 left on base; Bakersfield 0 - Fresno 0 |
| BOTTOM OF THE 2ND |
|
Fresno Grizzlies batting - Pitching for Bakersfield Bears : RHP Richard Egan
|
|
Batting: RHB Mike King
|
0-0: Called Strike 0-1: Ball 1-1: Swinging Strike 1-2: Ball 2-2: Ball 3-2: Fly out, F9 (Flyball, 89S, EV 78.1 MPH)
|
|
Batting: RHB Ivan Mesa
|
0-0: Called Strike 0-1: Ground out 6-3 (Groundball, 6, EV 91.9 MPH)
|
|
Batting: RHB Manuel McDonald
|
0-0: Ball 1-0: Fly out, F7 (Line Drive, 7, EV 90.6 MPH)
|
| Bottom of the 2nd over - 0 runs, 0 hits, 0 errors, 0 left on base; Bakersfield 0 - Fresno 0 |
| TOP OF THE 3RD |
|
Bakersfield Bears batting - Pitching for Fresno Grizzlies : RHP Kevin Teate
|
|
Batting: RHB Jeff Rudolph
|
0-0: Ball 1-0: Called Strike 1-1: Called Strike 1-2: Strikes out swinging
|
|
Batting: RHB Jeff Rutledge
|
0-0: Ball 1-0: Called Strike 1-1: Swinging Strike 1-2: Ball 2-2: TRIPLE (Groundball, 3L, EV 106.3 MPH)
|
|
Batting: LHB Kevin Waller
|
0-0: Foul Ball, location: 2F 0-1: Called Strike 0-2: Ball 1-2: Strikes out swinging
|
|
Batting: LHB Jim Eppard
|
0-0: Fly out, F7 (Flyball, 78D, EV 90.6 MPH)
|
| Top of the 3rd over - 0 runs, 1 hit, 0 errors, 1 left on base; Bakersfield 0 - Fresno 0 |
| BOTTOM OF THE 3RD |
|
Fresno Grizzlies batting - Pitching for Bakersfield Bears : RHP Richard Egan
|
|
Batting: RHB Emilio Carrasquel
|
0-0: Ball 1-0: Ball 2-0: Foul Ball, location: 2F 2-1: Ball 3-1: Ground out 3-1 (Groundball, 34, EV 78.1 MPH)
|
|
Batting: RHB Mike Jirschele
|
0-0: Called Strike 0-1: Bunt missed! 0-2: Ball 1-2: Foul Ball, location: 2F 1-2: Ball 2-2: SINGLE (Line Drive, 7S, EV 107.5 MPH)
|
|
Batting: LHB Roger Hill
|
0-0: Called Strike 0-1: Fly out, F9 (Line Drive, 9, EV 105.0 MPH)
|
|
Batting: RHB Chris Fernandez
|
0-0: Fly out, F8 (Flyball, 8RM, EV 93.1 MPH)
|
| Bottom of the 3rd over - 0 runs, 1 hit, 0 errors, 1 left on base; Bakersfield 0 - Fresno 0 |
| TOP OF THE 4TH |
|
Bakersfield Bears batting - Pitching for Fresno Grizzlies : RHP Kevin Teate
|
|
Batting: LHB Benny Distefano
|
0-0: Ball 1-0: SINGLE (Line Drive, 8RS, EV 112.5 MPH)
|
|
Batting: RHB Steve Buechele
|
0-0: Called Strike Benny Distefano steals 2nd base 0-1: Foul Ball, location: 2F 0-2: Ball 1-2: Strikes out looking
|
|
Batting: RHB James Oros
|
0-0: Called Strike 0-1: Ball 1-1: Called Strike 1-2: Ball 2-2: Foul Ball, location: 2F 2-2: Ball 3-2: Fly out, F9 (Flyball, 9LM, EV 91.3 MPH)
|
|
Batting: RHB Antonio Alicea
|
0-0: Ground out 1-3 (Groundball, P, EV 66.3 MPH)
|
| Top of the 4th over - 0 runs, 1 hit, 0 errors, 1 left on base; Bakersfield 0 - Fresno 0 |
| BOTTOM OF THE 4TH |
|
Fresno Grizzlies batting - Pitching for Bakersfield Bears : RHP Richard Egan
|
|
Batting: LHB Ron Oddo
|
0-0: Called Strike 0-1: Called Strike 0-2: Ball 1-2: Ball 2-2: Ball 3-2: Base on Balls
|
|
Batting: RHB Tom Johnson
|
0-0: Foul Ball, location: 2F 0-1: Swinging Strike 0-2: Ball 1-2: Fielders Choice at 2nd, 4-6 (Groundball, 4, EV 87.5 MPH)
|
|
Batting: RHB Mike King
|
0-0: Called Strike 0-1: Ball 1-1: Fly out, F9 (Line Drive, 9, EV 91.9 MPH)
|
|
Batting: RHB Ivan Mesa
|
0-0: Ball 1-0: Ball Tom Johnson steals 2nd, throwing error, E2 Tom Johnson to third 2-0: Ball 3-0: Base on Balls
|
|
Batting: RHB Manuel McDonald
|
0-0: Ground out 4-3 (Groundball, 4, EV 93.1 MPH)
|
| Bottom of the 4th over - 0 runs, 0 hits, 1 error, 2 left on base; Bakersfield 0 - Fresno 0 |
| TOP OF THE 5TH |
|
Bakersfield Bears batting - Pitching for Fresno Grizzlies : RHP Kevin Teate
|
|
Batting: RHB Trey Brooks
|
0-0: Ball 1-0: TRIPLE (Flyball, 9LD, EV 105.0 MPH)
|
|
Batting: RHB Jeff Rudolph
|
0-0: Ball 1-0: Called Strike 1-1: Foul Ball, location: 2F 1-2: Ball 2-2: Ball 3-2: Strikes out swinging
|
|
Batting: RHB Jeff Rutledge
|
0-0: Ball 1-0: Called Strike 1-1: Foul Ball, location: 2F 1-2: Foul Ball, location: 2F 1-2: Strikes out swinging
|
|
Batting: LHB Kevin Waller
|
0-0: Called Strike 0-1: Fly out, F8 (Flyball, 8LS, EV 79.4 MPH)
|
| Top of the 5th over - 0 runs, 1 hit, 0 errors, 1 left on base; Bakersfield 0 - Fresno 0 |
| BOTTOM OF THE 5TH |
|
Fresno Grizzlies batting - Pitching for Bakersfield Bears : RHP Richard Egan
|
|
Batting: RHB Emilio Carrasquel
|
0-0: Ball 1-0: Called Strike 1-1: Ground out 5-3 (Groundball, 56S, EV 69.4 MPH)
|
|
Batting: RHB Mike Jirschele
|
0-0: Reached on error, E8 (Flyball, 89M, EV 86.9 MPH)
|
|
Batting: LHB Roger Hill
|
0-0: Ball Mike Jirschele is caught stealing 2nd base 2-6 1-0: Foul Ball, location: 2F 1-1: Called Strike 1-2: Ball 2-2: Foul Ball, location: 2F 2-2: Foul Ball, location: 2F 2-2: SINGLE (Groundball, 4D, EV 98.8 MPH)
|
|
Batting: RHB Chris Fernandez
|
0-0: Fly out, F8 (Flyball, 8LXD, EV 89.4 MPH)
|
| Bottom of the 5th over - 0 runs, 1 hit, 1 error, 1 left on base; Bakersfield 0 - Fresno 0 |
| TOP OF THE 6TH |
|
Bakersfield Bears batting - Pitching for Fresno Grizzlies : RHP Kevin Teate
|
|
Batting: LHB Jim Eppard
|
0-0: SINGLE (Line Drive, 78M, EV 113.1 MPH)
|
|
Batting: LHB Benny Distefano
|
0-0: Called Strike 0-1: Ball 1-1: Ball 2-1: Ball 3-1: Base on Balls Jim Eppard to second
|
|
Batting: RHB Steve Buechele
|
0-0: Foul Ball, location: 2F 0-1: Ball 1-1: Ball 2-1: Called Strike 2-2: Foul Ball, location: 2F 2-2: DOUBLE (Flyball, 8RXD, EV 103.8 MPH) Jim Eppard scores Benny Distefano to third
|
|
Batting: RHB James Oros
|
0-0: Intentional Walk
|
|
Batting: RHB Antonio Alicea
|
0-0: Swinging Strike 0-1: Foul Ball, location: 2F 0-2: Strikes out looking
|
|
Batting: RHB Trey Brooks
|
0-0: Ball 1-0: Grounds into double play, 5-2-3 (Groundball, 56S, EV 76.9 MPH)
|
| Top of the 6th over - 1 run, 2 hits, 0 errors, 2 left on base; Bakersfield 1 - Fresno 0 |
| BOTTOM OF THE 6TH |
|
Fresno Grizzlies batting - Pitching for Bakersfield Bears : RHP Richard Egan
|
|
Batting: LHB Ron Oddo
|
0-0: Foul Ball, location: 2F 0-1: Ball 1-1: Ball 2-1: Swinging Strike 2-2: Fly out, F2 (Popup, 2LF, EV 87.5 MPH)
|
|
Batting: RHB Tom Johnson
|
0-0: Called Strike 0-1: Ball 1-1: Swinging Strike 1-2: Ball 2-2: Ball 3-2: Base on Balls
|
|
Batting: RHB Mike King
|
0-0: Ball 1-0: Hit by Pitch Tom Johnson to second
|
|
Batting: RHB Ivan Mesa
|
0-0: Ball 1-0: Ball 2-0: Ground out 6-3 (Groundball, 6S, EV 71.9 MPH) Tom Johnson to third Mike King to second
|
|
Batting: RHB Manuel McDonald
|
0-0: Reached on error, E6 (Groundball, 6M, EV 89.4 MPH) Tom Johnson scores Mike King to third
|
|
Batting: RHB Emilio Carrasquel
|
0-0: Ground out 5-3 (Groundball, 56S, EV 80.0 MPH)
|
| Bottom of the 6th over - 1 run, 0 hits, 1 error, 2 left on base; Bakersfield 1 - Fresno 1 |
| TOP OF THE 7TH |
|
Bakersfield Bears batting - Pitching for Fresno Grizzlies : RHP Kevin Teate
|
|
Batting: RHB Jeff Rudolph
|
0-0: Ball 1-0: Ball 2-0: Ball 3-0: Base on Balls
|
|
Pitching: RHP Larry Wright
|
|
|
Batting: RHB Jeff Rutledge
|
0-0: Sac Bunt to 15 - play at first, batter OUT! 1-4 Jeff Rudolph to second
|
|
Batting: LHB Kevin Waller
|
0-0: Foul Ball, location: 2F 0-1: Foul Ball, location: 2F 0-2: Ball 1-2: Ball 2-2: Ground out U3 (Groundball, 3, EV 105.6 MPH) Jeff Rudolph to third
|
|
Batting: LHB Jim Eppard
|
0-0: 2-RUN HOME RUN (Flyball, 7D, EV 85.6 MPH), Distance : 359 ft
|
|
Batting: LHB Benny Distefano
|
0-0: Ball 1-0: Swinging Strike 1-1: Foul Ball, location: 2F 1-2: Ball 2-2: Strikes out swinging
|
| Top of the 7th over - 2 runs, 1 hit, 0 errors, 0 left on base; Bakersfield 3 - Fresno 1 |
| BOTTOM OF THE 7TH |
|
Fresno Grizzlies batting - Pitching for Bakersfield Bears : RHP Richard Egan
|
|
Batting: RHB Mike Jirschele
|
0-0: Foul Ball, location: 2F 0-1: Ball 1-1: Swinging Strike 1-2: Ground out 3-1 (Groundball, 3D, EV 101.3 MPH)
|
|
Batting: LHB Roger Hill
|
0-0: Ball 1-0: Foul Ball, location: 2F 1-1: Fly out, F6 (Popup, 6D, EV 63.1 MPH)
|
|
Batting: RHB Chris Fernandez
|
0-0: Ball 1-0: Called Strike 1-1: Swinging Strike 1-2: Foul Ball, location: 2F 1-2: Ball 2-2: Ball 3-2: Fly out, F9 (Flyball, 89M, EV 92.5 MPH)
|
| Bottom of the 7th over - 0 runs, 0 hits, 0 errors, 0 left on base; Bakersfield 3 - Fresno 1 |
| TOP OF THE 8TH |
|
Bakersfield Bears batting - Pitching for Fresno Grizzlies : RHP Larry Wright
|
|
Batting: RHB Steve Buechele
|
0-0: Ball 1-0: Foul Ball, location: 2F 1-1: Foul Ball, location: 2F 1-2: Ball 2-2: Ball 3-2: Foul Ball, location: 2F 3-2: Foul Ball, location: 2F 3-2: DOUBLE (Flyball, 8RXD, EV 100.0 MPH)
|
|
Batting: RHB James Oros
|
0-0: Intentional Walk
|
|
Batting: RHB Antonio Alicea
|
0-0: Bunt missed! 0-1: Bunt - Flyout to 5S! F5
|
|
Batting: RHB Trey Brooks
|
0-0: Foul Ball, location: 2F 0-1: Foul Ball, location: 2F 0-2: Ball 1-2: Foul Ball, location: 2F 1-2: Hit by Pitch Steve Buechele to third James Oros to second
|
|
Batting: RHB Jeff Rudolph
|
0-0: Foul Ball, location: 2F 0-1: Ball 1-1: Ball 2-1: Ball 3-1: Base on Balls Steve Buechele scores James Oros to third Trey Brooks to second
|
|
Batting: RHB Jeff Rutledge
|
0-0: Grounds into fielders choice 4-2 (Groundball, 4, EV 103.1 MPH) Trey Brooks to third Jeff Rudolph to second
|
|
Batting: LHB Kevin Waller
|
0-0: Ball 1-0: Ball 2-0: Called Strike 2-1: Foul Ball, location: 2F 2-2: Foul Ball, location: 2F 2-2: Ball 3-2: Fly out, F6 (Line Drive, 6, EV 65.6 MPH)
|
| Top of the 8th over - 1 run, 1 hit, 0 errors, 3 left on base; Bakersfield 4 - Fresno 1 |
| BOTTOM OF THE 8TH |
|
Fresno Grizzlies batting - Pitching for Bakersfield Bears : RHP Richard Egan
|
|
Batting: LHB Ron Oddo
|
0-0: Ball 1-0: Ball 2-0: Swinging Strike 2-1: Swinging Strike 2-2: Foul Ball, location: 2F 2-2: Ball 3-2: Base on Balls
|
|
Batting: RHB Tom Johnson
|
0-0: Swinging Strike 0-1: Swinging Strike 0-2: Ball 1-2: Strikes out swinging
|
|
Batting: RHB Mike King
|
0-0: Ball 1-0: Swinging Strike 1-1: Foul Ball, location: 2F 1-2: Foul Ball, location: 2F 1-2: Ball 2-2: Strikes out swinging
|
|
Batting: RHB Ivan Mesa
|
0-0: Foul Ball, location: 2F 0-1: Ball 1-1: Ball 2-1: Called Strike 2-2: Foul Ball, location: 2F 2-2: Fielders Choice at 2nd, 6-4 (Groundball, 6, EV 103.1 MPH)
|
| Bottom of the 8th over - 0 runs, 0 hits, 0 errors, 1 left on base; Bakersfield 4 - Fresno 1 |
| TOP OF THE 9TH |
|
Bakersfield Bears batting - Pitching for Fresno Grizzlies : RHP Larry Wright
|
|
Pitching: RHP Chuck McKinney
|
|
|
Batting: LHB Jim Eppard
|
0-0: Ball 1-0: Ball 2-0: Called Strike 2-1: Fly out, F7 (Flyball, 7LS, EV 86.3 MPH)
|
|
Batting: LHB Benny Distefano
|
0-0: Foul Ball, location: 2F 0-1: Ball 1-1: Foul Ball, location: 2F 1-2: Ball 2-2: SINGLE (Line Drive, 6D, EV 95.6 MPH)
|
|
Batting: RHB Steve Buechele
|
0-0: Foul Ball, location: 2F 0-1: Called Strike 0-2: Fielders Choice at 2nd, 5-4 (Groundball, 56, EV 88.1 MPH)
|
|
Batting: RHB James Oros
|
0-0: Ball 1-0: Called Strike 1-1: Ball 2-1: Swinging Strike 2-2: Ball 3-2: Fly out, F3 (Popup, 3F, EV 63.8 MPH)
|
| Top of the 9th over - 0 runs, 1 hit, 0 errors, 1 left on base; Bakersfield 4 - Fresno 1 |
| BOTTOM OF THE 9TH |
|
Fresno Grizzlies batting - Pitching for Bakersfield Bears : RHP Richard Egan
|
|
Pitching: RHP Michael Tancredi
|
|
|
Now at 2B: Jack Lopez
|
|
|
Batting: RHB Manuel McDonald
|
0-0: Fly out, F9 (Line Drive, 9, EV 90.6 MPH)
|
|
Batting: RHB Emilio Carrasquel
|
0-0: Swinging Strike 0-1: Called Strike 0-2: Foul Ball, location: 2F 0-2: Fly out, F8 (Line Drive, 8LM, EV 103.8 MPH)
|
|
Batting: RHB Mike Jirschele
|
0-0: Swinging Strike 0-1: Ball 1-1: Ball 2-1: Called Strike 2-2: Ball 3-2: Foul Ball, location: 2F 3-2: Fly out, F7 (Line Drive, 7D, EV 90.6 MPH)
|
| Bottom of the 9th over - 0 runs, 0 hits, 0 errors, 0 left on base; Bakersfield 4 - Fresno 1 |
|